 Dungeon Crawl Stone Soup version 0.31-a0-743-g45f7035092 (webtiles) character file.

Game seed: 10754423482836727012

2109 whermst the Skirmisher (level 9, -8/74 HPs)
             Began as a Gnoll Wanderer on Sept 7, 2023.
             Was a Plaything of Xom.
             Engulfed by an ice statue's freezing vapour (18 damage)
             ... on level 7 of the Dungeon on Sept 12, 2023.
             The game lasted 00:27:03 (5167 turns).

whermst the Skirmisher (Gnoll Wanderer)             Turns: 5167, Time: 00:27:03

Health: -8/74      AC: 12    Str: 13    XL:     9   Next: 28%
Magic:  15/15      EV:  5    Int: 11    God:    Xom [*.....]
Gold:   12         SH:  0    Dex: 13    Spells: 13/16 levels left

rFire   . . .        k - +2 sling (flame)
rCold   . . .        (no shield)
rNeg    . . .        F - +0 plate armour
rPois   .            o - melded +0 helmet
rElec   .            (cloak currently unavailable)
rCorr   .            (gloves currently unavailable)
SInv    .            c - melded +0 pair of boots
Will    .....        j - amulet of regeneration Stlth
                     E - ring of flight
HPRegen 1.12/turn    w - +4 ring of slaying
MPRegen 0.14/turn

%: clarity
@: beast-form, flying
A: beast (slay +2), fangs 1, strong nose, distributed training, talons 1,
clarity, robust 1, weak 1, evolution 1
a: Begin Untransformation, Renounce Religion


You were on level 7 of the Dungeon.
You worshipped Xom.
You were a special plaything of Xom.
You were a hulking beast.
You visited 2 branches of the dungeon, and saw 8 of its levels.

You collected 239 gold pieces.
You spent 227 gold pieces at shops.

Inventory:

Hand Weapons
 a - a +2 sling
 b - a +0 falchion
 k - a +2 sling of flaming (weapon)
Armour
 c - a +0 pair of boots (melded)
 e - a +0 robe
 n - a +1 chain mail
 o - a +0 helmet (melded)
 F - a +0 plate armour (worn)
Jewellery
 h - a ring of poison resistance
 j - an amulet of regeneration (around neck)
 s - a +6 ring of dexterity
 u - a ring of protection from fire
 w - a +4 ring of slaying (right hand)
 E - a ring of flight (left hand)
Talismans
 t - a beast talisman (active)
 v - a serpent talisman
Scrolls
 d - a scroll of fog
 f - 2 scrolls of poison {unknown}
 l - a scroll of immolation
 p - a scroll of fear
 q - a scroll of acquirement {unknown}
 r - a scroll of brand weapon {unknown}
 y - 2 scrolls of identify
 A - a scroll of blinking {unknown}
 B - a scroll of torment {unknown}
 D - a scroll of teleportation {unknown}
Potions
 g - a potion of lignification
 m - a potion of brilliance
 z - a potion of haste
 C - a potion of attraction {unknown}


   Skills:
 + Level 5.0 Fighting
 + Level 4.1 Short Blades
 + Level 5.0 Long Blades
 + Level 4.1 Axes
 + Level 4.1 Maces & Flails
 + Level 4.1 Polearms
 + Level 4.1 Staves
 + Level 9.5 Ranged Weapons
 + Level 4.1 Throwing
 + Level 6.2 Armour
 + Level 4.1 Dodging
 + Level 6.0 Stealth
 + Level 4.1 Shields
 + Level 4.1 Unarmed Combat
 + Level 4.1 Spellcasting
 + Level 3.4 Conjurations
 + Level 3.4 Hexes
 + Level 3.4 Summonings
 + Level 3.4 Necromancy
 + Level 3.4 Translocations
 + Level 3.4 Transmutations
 + Level 3.4 Fire Magic
 + Level 3.4 Ice Magic
 + Level 3.4 Air Magic
 + Level 3.4 Earth Magic
 + Level 3.4 Poison Magic
 + Level 4.6 Invocations
 + Level 4.1 Evocations
 + Level 3.8 Shapeshifting


You had 13 spell levels left.
You knew the following spells:

 Your Spells              Type           Power      Damage    Failure   Level
a - Swiftness             Air            9%         N/A       100%        3

Your spell library contained the following spells:

 Spells                   Type           Power      Damage    Failure   Level
 Borgnjor's Vile Clutch   Necr/Erth      4%         N/A       100%        5


Dungeon Overview and Level Annotations

Branches:
Dungeon (7/15)             Temple (1/1) D:6

Altars:
Ashenzari
Cheibriados
Dithmenos
Elyvilon
Fedhas
Gozag
Kikubaaqudgha
Makhleb
Nemelex Xobeh
Ru
Sif Muna
Trog
Uskayaw
Vehumet
Wu Jian
Xom
Yredelemnul
Zin
The Shining One

Shops:
D:1 [   D:7 =

Annotations:
D:7 exclusion: ice statue


Innate Abilities, Weirdness & Mutations

You are a hulking beast.
Your limbs bulge with bestial killing power. (Slay +2)
You have very sharp teeth.
Your uncanny sense of smell can sniff out nearby items.
Your experience applies equally to all skills.
You have sharp toenails.
You possess an exceptional clarity of mind.
You are robust. (+10% HP)
You are weak. (Str -2)
You have hidden genetic potential.


Message History

Fire: k) +2 sling (flame)
Press: ? - help, Q - select action Shift-Dir - straight line, f/p - ice statue
Aim: an ice statue (moderately damaged, 94% to hit)
You shoot a sling bullet. The sling bullet hits the ice beast.
The sling bullet melts the ice beast.
The ice beast is lightly wounded.
The ice statue gestures.
You shoot a sling bullet. The sling bullet hits the ice beast!
The sling bullet melts the ice beast.
The ice beast is heavily wounded.
The ice beast barely misses you.
The ice beast hits you but does no damage.
You shoot a sling bullet.
The sling bullet closely misses the ice beast.
Xom makes a sudden noise!
You hear a piteous moan.
The ice statue gestures at you. The ice beast barely misses you.
The ice beast hits you. The ice beast freezes you!
You shoot a sling bullet.
The sling bullet closely misses the ice beast.
The ice beast hits you but does no damage.
The ice statue gestures at you.
You shoot a sling bullet. The sling bullet hits the ice beast.
The sling bullet melts the ice beast.
The ice beast is almost dead.
You are engulfed in freezing vapours.
The ice beast hits you but does no damage.
The ice beast closely misses you.
You are engulfed in freezing vapours.
* * * LOW HITPOINT WARNING * * *
The ice beast attacks as it pursues you!
The ice beast barely misses you.
Read: 2 scrolls of fear
Press: ? - help, Q - select action, (/) - cycle Dir - look around, f - activate Look: an ice beast (freezing vapour, almost dead, summoned, chance to affect: 97%)
As you read the scroll of fear, it crumbles to dust.
You assume a fearsome visage.
The ice beast looks frightened! x2
You are engulfed in freezing vapours.
You die...

#########
#⌠.....≈≈
##°.....≈≈ ∆
##°°Y.○..≈8 ∆∆
#.hY°°○..≈≈ ∆
######
#####.#°°....≈≈ ∆∆
.....#
#.....°########
.....#
#.####.###########
.....# #.#
#.#.........#
.....# #.#
#.#.##.####.#
...).# #.#
#.#.......#.#
.....# #.#
#.#..#......######
.....# #.#
#.#..#...........#


You could see 2 ice beasts.

Vanquished Creatures
  Maggie (D:6)
  Edmund (D:4)
  A water moccasin (D:7)
  An orc warrior (D:7)
  A sky beast (D:6)
  An ice beast (D:5)
  A lemure (D:4)
  2 bullfrogs (D:6)
  2 scorpions
  A howler monkey (D:4)
  5 jellies
  4 hounds
  2 orc priests
  A gnoll bouda (D:6)
  A sleepcap (D:4)
  An iguana (D:5)
  An orc wizard (D:7)
  5 gnolls (D:6)
  An adder (D:5)
  A shadow imp (D:6)
  A white imp (D:7)
  A dart slug (D:3)
  8 orcs
  8 bats
  4 endoplasms
  6 giant cockroaches
  13 goblins
  5 hobgoblins
  10 jackals
  4 quokkas
  6 ball pythons
  3 frilled lizards (D:3)
  3 kobolds
  6 rats
112 creatures vanquished.

Vanquished Creatures (collateral kills)
  Pikel (D:4)
1 creature vanquished.

Vanquished Creatures (others)
  A goblin (D:4)
1 creature vanquished.

Grand Total: 114 creatures vanquished

Notes
Turn   | Place    | Note
-------+----------+-------------------------------------------
     0 | D:1      | whermst the Gnoll Wanderer began the quest for the Orb.
     0 | D:1      | whermst set off with the following items: a +2 sling, a +0
                  | falchion, a +0 pair of boots, a scroll of fog, a +0 robe.
     0 | D:1      | Reached XP level 1. HP: 17/17 MP: 1/1
   168 | D:1      | Reached XP level 2. HP: 23/23 MP: 2/2
   186 | D:1      | Found Ritykar's Antique Armour Boutique.
   338 | D:1      | Got Helillau's Papyrus of the Spectral Sixfirhy
   609 | D:1      | Found a faded altar of an unknown god.
   630 | D:1      | Prayed at the altar of an unknown god.
   630 | D:1      | Became a worshipper of Xom of Unknown Intention
   640 | D:1      | Upgraded the game from 0.31-a0-700-gf13585253f to
                  | 0.31-a0-743-g45f7035092
   643 | D:1      | Reached XP level 3. HP: 28/28 MP: 3/3
   951 | D:2      | XOM: silly message
   960 | D:2      | Reached skill level 1 in Invocations
  1261 | D:2      | XOM: cloud trail
  1290 | D:2      | Gained mutation: You have hidden genetic defects.
                  | [mutagenic glow]
  1309 | D:2      | Gained mutation: You are weak. (Str -2) [mutagenic glow]
  1402 | D:2      | Reached skill level 1 in Short Blades
  1402 | D:2      | Reached skill level 1 in Axes
  1402 | D:2      | Reached skill level 1 in Maces & Flails
  1402 | D:2      | Reached skill level 1 in Polearms
  1402 | D:2      | Reached skill level 1 in Staves
  1402 | D:2      | Reached skill level 1 in Throwing
  1402 | D:2      | Reached skill level 1 in Dodging
  1402 | D:2      | Reached skill level 1 in Shields
  1402 | D:2      | Reached skill level 1 in Unarmed Combat
  1402 | D:2      | Reached skill level 1 in Spellcasting
  1402 | D:2      | Reached skill level 1 in Evocations
  1593 | D:3      | XOM: cast spell 'Metabolic Englaciation'
  1628 | D:3      | Gained mutation: Your body sometimes deteriorates upon
                  | taking damage. [hidden defects]
  1693 | D:3      | Reached XP level 4. HP: 34/34 MP: 5/5
  1736 | D:3      | Reached skill level 1 in Shapeshifting
  1797 | D:3      | Gained mutation: You are frail. (-10% HP) [hidden defects]
  1797 | D:3      | Lost mutation: You have hidden genetic defects. [hidden
                  | defects expressed]
  2268 | D:4      | Found an opulent altar of Gozag.
  2493 | D:4      | XOM: 1-stop teleportation journey
  2504 | D:4      | Reached skill level 1 in Conjurations
  2504 | D:4      | Reached skill level 1 in Hexes
  2504 | D:4      | Reached skill level 1 in Summonings
  2504 | D:4      | Reached skill level 1 in Necromancy
  2504 | D:4      | Reached skill level 1 in Translocations
  2504 | D:4      | Reached skill level 1 in Transmutations
  2504 | D:4      | Reached skill level 1 in Fire Magic
  2504 | D:4      | Reached skill level 1 in Ice Magic
  2504 | D:4      | Reached skill level 1 in Air Magic
  2504 | D:4      | Reached skill level 1 in Earth Magic
  2504 | D:4      | Reached skill level 1 in Poison Magic
  2529 | D:4      | Lost mutation: You are weak. (Str -2) [potion of mutation]
  2529 | D:4      | Lost mutation: Your body sometimes deteriorates upon taking
                  | damage. [potion of mutation]
  2529 | D:4      | Lost mutation: You are frail. (-10% HP) [potion of
                  | mutation]
  2529 | D:4      | Gained mutation: You are robust. (+10% HP) [potion of
                  | mutation]
  2529 | D:4      | Gained mutation: Your muscles are strong. (Str +4, Int/Dex
                  | -1) [potion of mutation]
  2529 | D:4      | Gained mutation: You possess an exceptional clarity of
                  | mind. [potion of mutation]
  2618 | D:4      | Found an ancient bone altar of Kikubaaqudgha.
  2650 | D:4      | Found a white marble altar of Elyvilon.
  2716 | D:4      | Reached XP level 5. HP: 44/44 MP: 5/7
  2838 | D:4      | Found a shimmering altar of Xom.
  2870 | D:4      | Found a shimmering blue altar of Sif Muna.
  3010 | D:4      | Reached XP level 6. HP: 51/51 MP: 8/8
  3054 | D:4      | Reached skill level 5 in Armour
  3055 | D:4      | XOM: 2-stop teleportation journey
  3112 | D:4      | Noticed Edmund
  3129 | D:4      | Killed Edmund
  3130 | D:4      | Reached XP level 7. HP: 38/57 MP: 0/10
  3266 | D:4      | Learned a level 3 spell: Swiftness
  3334 | D:4      | XOM: scenery: summon butterflies
  3380 | D:4      | Noticed Pikel
  3387 | D:4      | XOM: cast spell 'Summon Hydra'
  3390 | D:4      | Killed Pikel
  3391 | D:4      | Reached skill level 9 in Ranged Weapons
  3391 | D:4      | Reached skill level 5 in Stealth
  3391 | D:4      | Reached XP level 8. HP: 37/66 MP: 10/12
  3421 | D:4      | Found a snail-covered altar of Cheibriados.
  3629 | D:4      | XOM: give mutations
  3629 | D:4      | Lost mutation: Your muscles are strong. (Str +4, Int/Dex
                  | -1) [Xom's mischief]
  3629 | D:4      | Gained mutation: You have hidden genetic potential. [Xom's
                  | mischief]
  3629 | D:4      | Gained mutation: You are weak. (Str -2) [Xom's mischief]
  3636 | D:5      | Entered Level 5 of the Dungeon
  3742 | D:5      | XOM: 2-stop teleportation journey
  4439 | D:6      | Noticed Maggie
  4446 | D:6      | Killed Maggie
  4479 | D:6      | Found a staircase to the Ecumenical Temple.
  4483 | D:6      | Reached XP level 9. HP: 72/72 MP: 14/14
  4501 | D:6      | Gained mutation: You have sharp toenails. [hidden
                  | potential]
  4524 | Temple   | Entered the Ecumenical Temple
  4569 | Temple   | XOM: stat loss: -1 Int (10/11)
  4590 | D:6      | You fall into a shaft and drop 1 floor!
  4917 | D:7      | Found Voakuvuo's Jewellery Emporium.
  4923 | D:7      | Bought a ring of flight for 227 gold pieces
  5023 | D:7      | Reached skill level 5 in Fighting
  5023 | D:7      | Reached skill level 5 in Long Blades
  5099 | D:7      | Noticed an ice statue
  5108 | D:7      | XOM: noise
  5121 | D:7      | XOM: divination: detect items
  5136 | D:7      | XOM: polymorph ice beast -> swamp drake
  5139 | D:7      | XOM: summons friendly ufetubus
  5163 | D:7      | XOM: noise
  5167 | D:7      | Engulfed by an ice statue's freezing vapour

Illustrated notes

Levels and vault maps discovered:
D:1:      erik_arrival_triangle_medium, layout_loops_corners, serial_shops,
          nicolae_shop_behind_doors, basic_ecumenical_altar
D:2:      layout_loops_ring, hangedman_glass_teeth
D:3:      wad_pebble_path, layout_rooms, roderic_roman_lattice, minmay_vboxes
D:4:      layout_loops_cross, mainiacjoe_overflow_surrounded_room,
          nicolae_gozag_cash_rules_everything_around_me, kennysheep_mini_moat,
          dk_xom_monty_hall, nicolae_overflow_hidden_temple,
          lemuel_crystal_altar, uniq_pikel, uniq_edmund
D:5:      layout_cave_pools
D:6:      layout_rooms, nicolae_qazlal_eye_of_the_storm,
          minmay_temple_entry_proselytizer, uniq_maggie
D:7:      lemuel_ice_statue, layout_basic, serial_shops,
          nicolae_shop_rolling_square
Temple:   dshaligram_water_room_temple

Skill      XL: |  1  2  3  4  5  6  7  8  9 |
---------------+----------------------------+-----
Invocations    | 1 2 3 4 |  4.6
Short Blades   | 1 2 3 4 |  4.1
Axes           | 1 2 3 4 |  4.1
Maces & Flails | 1 2 3 4 |  4.1
Polearms       | 1 2 3 4 |  4.1
Staves         | 1 2 3 4 |  4.1
Throwing       | 1 2 3 4 |  4.1
Dodging        | 1 2 3 4 |  4.1
Shields        | 1 2 3 4 |  4.1
Unarmed Combat | 1 2 3 4 |  4.1
Spellcasting   | 1 2 3 4 |  4.1
Evocations     | 1 2 3 4 |  4.1
Shapeshifting  | 1 2 3 |  3.8
Conjurations   | 1 2 3 |  3.4
Hexes          | 1 2 3 |  3.4
Summonings     | 1 2 3 |  3.4
Necromancy     | 1 2 3 |  3.4
Translocations | 1 2 3 |  3.4
Transmutations | 1 2 3 |  3.4
Fire Magic     | 1 2 3 |  3.4
Ice Magic      | 1 2 3 |  3.4
Air Magic      | 1 2 3 |  3.4
Earth Magic    | 1 2 3 |  3.4
Poison Magic   | 1 2 3 |  3.4
Fighting       | 3 4 5 |  5.0
Long Blades    | 3 4 5 |  5.0
Armour         | 5 6 |  6.2
Ranged Weapons | 9 |  9.5
Stealth        | 5 6 |  6.0

Action                     |  1- 3 |  4- 6 |  7- 9 || total
---------------------------+-------+-------+-------++-------
   Fire: Sling             |   113 |    87 |   208 ||   408
    Use: Potion            |     6 |     1 |     8 ||    15
         Scroll            |     1 |     5 |     2 ||     8
 Armour: Robe              |    23 |       |       ||    23
         Chain mail        |     2 |    63 |   127 ||   192
         Skin              |     1 |       |       ||     1
         Plate armour      |       |       |    55 ||    55
  Dodge: Dodged            |    30 |    29 |    59 ||   118
   Form: Beast             |       |     1 |     1 ||     2
                           |       |     1 |       ||     1

Table legend: (Time is in decaauts)
 A = Elapsed time spent in this place.
 B = Non-inter-level travel time spent in this place.
 C = Inter-level travel time spent in this place.
 D = Time resting spent in this place.
 E = Time spent auto-exploring this place.
 F = Levels seen in this place.
 G = Mean time per level.
                   A        B        C        D        E       F      G
               +--------+--------+--------+--------+--------+-----+--------+
         Total |   5270 |   4693 |    577 |    600 |   2849 |   8 |  658.8 |
       Dungeon |   5206 |   4629 |    577 |    600 |   2849 |   7 |  743.7 |
        Temple |     63 |     63 |      0 |      0 |      0 |   1 |   63.0 |
               +--------+--------+--------+--------+--------+-----+--------+

Top non-repeatable levels by time:
     D:4: 1194 daAuts
     D:3: 870 daAuts
     D:1: 822 daAuts
     D:2: 766 daAuts
     D:5: 725 daAuts
     D:7: 622 daAuts
     D:6: 204 daAuts
  Temple: 63 daAuts
